 Dungeon Crawl Stone Soup version 0.29.0-11-gd7f09526c8 (webtiles) character file.

Game seed: 11180809473604718602

381 Iusername the Slasher (level 6, 0/56 HPs)
             Began as a Minotaur Fighter on Sept 2, 2022.
             Was an Initiate of the Shining One.
             Slain by an ogre
             ... wielding a +0 giant club
              (15 damage)
             ... on level 5 of the Dungeon.
             The game lasted 00:08:08 (5017 turns).

Iusername the Slasher (Minotaur Fighter)            Turns: 5017, Time: 00:08:09

Health: 0/56       AC:  7    Str: 22    XL:     6   Next: 46%
Magic:  5/5        EV: 10    Int:  5    God:    the Shining One [......]
Gold:   345        SH:  4    Dex: 10    Spells: 5/5 levels left

rFire   . . .      SeeInvis .   a - +0 long sword
rCold   . . .      Faith    .   c - +0 buckler
rNeg    . . .      Spirit   .   b - +0 scale mail
rPois   .          Reflect  .   (helmet restricted)
rElec   .          Harm     .   (no cloak)
rCorr   .          Rampage  .   (no gloves)
Will    .....                   (no boots)
Stlth   ..........              (no amulet)
HPRegen 0.18/turn               (no ring)
MPRegen 0.09/turn               (no ring)

@: glowing
A: horns 2, retaliatory headbutt
a: Renounce Religion


You were on level 5 of the Dungeon.
You worshipped the Shining One.
The Shining One was noncommittal.
You visited 1 branch of the dungeon, and saw 5 of its levels.

You collected 345 gold pieces.

Inventory:

Hand Weapons
 a - a +0 long sword (weapon)
Armour
 b - a +0 scale mail (worn)
 c - a +0 buckler (worn)
Jewellery
 d - an amulet of magic regeneration
Wands
 l - a wand of roots (13)
Scrolls
 f - 2 scrolls of enchant armour
 g - 3 scrolls of teleportation
 h - 3 scrolls of blinking
 i - a scroll of torment
 k - a scroll of identify
 m - 3 scrolls of silence
 n - 2 scrolls of poison {unknown}
 p - a scroll of enchant weapon {unknown}
Potions
 e - 2 potions of lignification
 j - a potion of heal wounds {unknown}


   Skills:
 + Level 5.0 Fighting
 + Level 5.5 Long Blades
 + Level 5.2 Armour
 + Level 1.5 Dodging
 + Level 0.3 Stealth
 + Level 4.5 Shields


You had 5 spell levels left.
You didn't know any spells.
Your spell library contained the following spells:

 Spells                   Type           Power      Damage    Failure   Level
 Magic Dart               Conj           0%         1d3       86%         1
 Call Imp                 Summ           0%         N/A       95%         2
 Mephitic Cloud           Conj/Pois/Air  0%         N/A       99%         3


Dungeon Overview and Level Annotations

Branches:
Dungeon (5/15)             Temple (0/1) D:4

Altars:
The Shining One


Innate Abilities, Weirdness & Mutations

You have a pair of horns on your head.
You reflexively headbutt those who attack you in melee.


Message History

Blork the orc hits you but does no damage.
You slash Blork the orc! You headbutt Blork the orc!
Blork the orc is severely wounded.
Blork the orc hits you but does no damage.
You hit Blork the orc. You headbutt Blork the orc.
Blork the orc is almost dead.
Blork the orc hits you with a +0 trident!
Blork the orc barely misses you.
You hit Blork the orc but do no damage.
Blork the orc is almost dead.
Blork the orc hits you with a +0 trident.
You slash Blork the orc!
You kill Blork the orc!
Training target 3.0 for Short Blades reached!
Your Fighting skill increases to level 5!
No target in view!
e - 2 potions of lignification (gained 1)
Things that are here:
a +0 trident; a +2 robe of positive energy You now have 345 gold pieces (gained 14).
Things that are here:
a +0 trident; a +2 robe of positive energy An ogre comes into view.
It is wielding a +0 giant club.
An ogre is nearby!
The ogre hits you with a +0 giant club!
You slash the ogre!
The ogre is moderately wounded.
The ogre hits you with a +0 giant club!!
Ouch! That really hurt!
* * * LOW HITPOINT WARNING * * *
You are too injured to fight recklessly!
You are too injured to fight recklessly!
You are too injured to fight recklessly!
You are too injured to fight recklessly!
You slash the ogre! You headbutt the ogre!
The ogre is severely wounded.
You hit the ogre but do no damage.
The ogre is severely wounded.
The ogre hits you with a +0 giant club!
You die...

#. .. .## # #.. ..#
. .#.# ..#
#.##.#.###..#
........O..# #
...#.##@..# ..
#..##...# ###.
#......# ##### ...
#.....## #...# #.##
##.##### ####...###
#..###.## ####
##........#
#.....##
#...###.#........
#...###
###......###......#
#...#
#.......#.#.....#.#


You could see an ogre.

Vanquished Creatures
  A black bear (D:4)
  Blork the orc (D:5)
  2 hounds (D:5)
  4 gnolls (D:3)
  3 adders
  2 worms
  A dart slug (D:4)
  3 orcs
  6 ball pythons
  8 endoplasms
  4 giant cockroaches
  10 goblins
  9 hobgoblins
  8 jackals
  5 kobolds
  2 quokkas
  5 bats
  7 rats
81 creatures vanquished.

Notes
Turn   | Place    | Note
-------+----------+-------------------------------------------
     0 | D:1      | Iusername the Minotaur Fighter began the quest for the Orb.
     0 | D:1      | Reached XP level 1. HP: 19/19 MP: 0/0
   220 | D:1      | Reached XP level 2. HP: 27/27 MP: 1/1
  1720 | D:2      | Reached XP level 3. HP: 21/33 MP: 2/2
  2269 | D:3      | Found a glowing golden altar of the Shining One.
  2330 | D:3      | Became a worshipper of the Shining One
  2411 | D:3      | Found a faded altar of an unknown god.
  2581 | D:3      | Reached XP level 4. HP: 32/41 MP: 3/3
  2592 | D:3      | HP: 3/61 [hobgoblin (3)]
  2601 | D:3      | HP: 1/61 [gnoll/+0 club (3)]
  3064 | D:3      | Reached skill level 1 in Dodging
  3232 | D:3      | Reached XP level 5. HP: 47/47 MP: 4/4
  3496 | D:4      | Found a staircase to the Ecumenical Temple.
  3499 | D:4      | Noticed a black bear
  3509 | D:4      | Killed a black bear
  3745 | D:4      | Found a sand-covered staircase.
  3835 | D:4      | Reached skill level 5 in Long Blades
  4208 | D:5      | Entered Level 5 of the Dungeon
  4258 | D:5      | Noticed a yak
  4258 | D:5      | Noticed a yak
  4258 | D:5      | Noticed a yak
  4259 | D:5      | Noticed a yak
  4259 | D:5      | Noticed a yak
  4260 | D:5      | Noticed a yak
  4268 | D:5      | Reached XP level 6. HP: 42/55 MP: 5/5
  4271 | D:5      | Reached skill level 5 in Armour
  4882 | D:5      | Noticed Blork the orc
  4890 | D:5      | Killed Blork the orc
  4891 | D:5      | Reached skill level 5 in Fighting
  5017 | D:5      | Slain by an ogre

Illustrated notes

Levels and vault maps discovered:
D:1:      spicycebolla_green_bress_n_ham, layout_basic, minmay_statues_item,
          serial_bayou_pond_a
D:2:      layout_loops_ring
D:3:      layout_basic, tso_altar, dreamdust_ecumenical_altar_statues,
          minmay_three_crescents
D:4:      layout_basic, minmay_temple_entry_offerings, enter_ossuary_2
D:5:      layout_loops_cross, uniq_blork_the_orc

Skill      XL: |  1  2  3  4  5  6 |
---------------+-------------------+-----
Shields        | 4 |  4.5
Fighting       | 4 5 |  5.0
Armour         | 4 5 |  5.2
Long Blades    | 3 4 5 |  5.5
Dodging        | 1 |  1.5
Stealth        | |  0.3

Action                   |  1- 3 |  4- 6 || total
-------------------------+-------+-------++-------
Melee: Long sword        |   105 |   108 ||   213
       Headbutt          |    13 |    16 ||    29
  Use: Potion            |     2 |     5 ||     7
       Scroll            |       |     6 ||     6
Armor: Scale mail        |    53 |    55 ||   108
       Skin              |       |    10 ||    10
Dodge: Dodged            |    56 |    59 ||   115
Block: Buckler           |    21 |    25 ||    46
